 Seeded DCSS version 0.28.0-1-gb440e238dd (webtiles) character file.

Game seed: 13591998346360536447 (custom seed)

813 oldmanjim the Covered (level 7, -2/44 HPs)
             Began as a Gargoyle Fighter on Feb 22, 2022.
             Slain by an ogre (15 damage)
             ... on level 5 of the Dungeon.
             The game lasted 00:23:13 (4048 turns).

oldmanjim the Covered (Gargoyle Fighter)            Turns: 4048, Time: 00:23:14

Health: -2/44      AC: 26    Str: 25    XL:     7   Next: 93%
Magic:  7/7        EV:  7    Int: 10    God:
Gold:   169        SH:  4    Dex:  9    Spells: 6/6 levels left

rFire   + + .      SeeInvis .   a - +0 long sword
rCold   x . .      Faith    .   c - +0 buckler
rNeg    + . .      Spirit   .   z - +4 plate armour
rPois   ∞          Reflect  .   k - +0 helmet "Jiryan" {rF+ Will+ Str-5 Int+2}
rElec   +          Harm     .   (no cloak)
rCorr   +          Rampage  .   (no gloves)
Will    +....                   e - +2 pair of boots of Light {rElec rC- Str+8}
Stlth   ..........              (no amulet)
HPRegen 0.14/turn               i - ring of resist corrosion
MPRegen 0.10/turn               j - ring of protection from fire

@: studying Armour
A: sickness immunity, AC +4, negative energy resistance 1, electricity
resistance, torment resistance 1, petrification resistance
a: no special abilities


You were on level 5 of the Dungeon.
You visited 1 branch of the dungeon, and saw 5 of its levels.

You collected 169 gold pieces.

Inventory:

Hand Weapons
 a - a +0 long sword (weapon)
 u - the +1 whip of Eternal Harmony {flame, rElec Int+2}
   (You found it on level 3 of the Dungeon)

   It burns those it strikes, dealing additional fire damage.
   Int:       It affects your intelligence (+2).
   rElec:     It insulates you from electricity.
Missiles
 g - 37 arrows
Armour
 c - a +0 buckler (worn)
 e - the +2 pair of boots of Light (worn) {rElec rC- Str+8}
   (You acquired it on level 1 of the Dungeon)

   Str:       It affects your strength (+8).
   rC:        It makes you vulnerable to cold.
   rElec:     It insulates you from electricity.
 k - the +0 helmet "Jiryan" (worn) {rF+ Will+ Str-5 Int+2}
   (You acquired it on level 1 of the Dungeon)

   Str:       It affects your strength (-5).
   Int:       It affects your intelligence (+2).
   rF:        It protects you from fire.
   Will:      It increases your willpower.
 z - a +4 plate armour (worn)
Jewellery
 i - a ring of resist corrosion (left hand)
 j - a ring of protection from fire (right hand)
 o - a ring of protection from fire
Wands
 b - a wand of mindburst (17)
 m - a wand of flame (42)
Scrolls
 l - a scroll of teleportation
 p - 2 scrolls of summoning {unknown}
 t - a scroll of torment {unknown}
 w - a scroll of amnesia {unknown}
Potions
 d - a potion of might
 h - 3 potions of haste
 n - a potion of cancellation
 q - a potion of heal wounds
 r - a potion of ambrosia {unknown}
 s - a potion of lignification
 x - a potion of mutation


   Skills:
 + Level 4.4 Fighting
 - Level 5.0 Long Blades
 + Level 6.5 Armour
 - Level 2.0 Dodging
 - Level 1.2 Stealth
 - Level 4.0 Shields
 - Level 3.0 Evocations


You had 6 spell levels left.
You didn't know any spells.
Your spell library contained the following spells:

 Spells                   Type           Power      Damage    Failure   Level
 Static Discharge         Conj/Air       0%         N/A       100%        2
 Wereblood                Tmut           0%         N/A       100%        2
 Ozocubu's Armour         Ice            0%         N/A       100%        3
 Dispel Undead            Necr           0%         3d6       100%        4
 Sticky Flame             Conj/Fire      0%         2d3       100%        4
 Ozocubu's Refrigeration  Ice            0%         4d5       100%        7
 Summon Hydra             Summ           0%         N/A       100%        7
 Sublimation of Blood     Necr           Unusable   N/A       N/A         2

Dungeon Overview and Level Annotations

Branches:
Dungeon (5/15)
 Temple: D:4-7

Altars:
Hepliaklqana
Sif Muna
The Shining One

Annotations:
D:3 2 transporters, spaghetti's ghost, weakling DsBe


Innate Abilities, Weirdness & Mutations

You are immune to sickness and miasma.
Your stone body is resilient. (AC +4)
You are immune to poison.
You resist negative energy. (rN+)
You are resistant to electric shocks. (rElec)
You are resistant to unholy torment.
You are immune to petrification.


Message History

The ufetubus barely misses you. The ufetubus closely misses you.
You hit the ufetubus.
The ufetubus is almost dead.
The ufetubus hits you but does no damage. x2
The howler monkey hoots and howls with incredible vigour!
The ufetubus barely misses you. x2
You slash the ufetubus!
You kill the ufetubus!
The howler monkey hits you but does no damage.
Training target 5.0 for Long Blades reached!
Your Long Blades skill increases to level 5!
You need to enable at least one skill for training.
You closely miss the howler monkey.
The howler monkey hits you but does no damage.
The gnoll sergeant barely misses you.
You slash the howler monkey!
The howler monkey is heavily wounded.
The howler monkey hoots and howls with incredible vigour!
The gnoll sergeant barely misses you.
The howler monkey hits you but does no damage.
You slash the howler monkey!
You kill the howler monkey!
The gnoll sergeant hits you but does no damage.
The gnoll sergeant completely misses you.
The gnoll sergeant hits you with a +0 spear.
You slash the gnoll sergeant!
You kill the gnoll sergeant!
You slash the ogre!
The ogre is moderately wounded.
The ogre hits you with a +0 giant spiked club!!
Ouch! That really hurt!
* * * LOW HITPOINT WARNING * * *
You are too injured to fight recklessly!
You hit the ogre but do no damage.
The ogre is moderately wounded.
You block the ogre's attack.
You slash the ogre!
The ogre is almost dead.
The ogre hits you with a +0 giant spiked club!
You die...

......... ## ........#
##.### ........##..#..#
#..........(##.
#....#.#g......
#.......###...#
#............#
#.#######(.##..#
#....@O.....# #
####################≈..#..#
..........................#
...##.....##########+######
##.##.....####
#.##........#
##.##........#
##.##........##
##.##.........#


You could see an ogre.

Vanquished Creatures
  An ogre (D:5)
  An ice beast (D:5)
  A sky beast (D:5)
  A gnoll sergeant (D:5)
  A water moccasin zombie (D:5)
  A howler monkey (D:5)
  A bullfrog zombie (D:5)
  A hound (D:4)
  2 bullfrog skeletons
  Natasha (thrice) (D:2)
  3 hound skeletons
  2 adders
  3 gnolls (D:4)
  An ufetubus (D:5)
  2 adder skeletons (D:4)
  3 worms
  6 dart slugs
  An orc (D:3)
  3 bats
  8 endoplasms
  2 giant cockroaches
  10 hobgoblins
  5 jackals
  8 kobolds
  3 quokkas
  5 ball pythons
  A frilled lizard (D:2)
  4 goblins
  9 rats
  A spectral hobgoblin (D:4)
93 creatures vanquished.

Notes
Turn   | Place    | Note
-------+----------+-------------------------------------------
     0 | D:1      | oldmanjim the Gargoyle Fighter began the quest for the Orb.
     0 | D:1      | Reached XP level 1. HP: 14/14 MP: 1/1
   128 | D:1      | Reached XP level 2. HP: 19/19 MP: 2/2
   431 | D:1      | Reached XP level 3. HP: 23/23 MP: 3/3
   905 | D:1      | Identified a scroll of acquirement
   905 | D:1      | Acquired the +2 pair of boots of Light {rElec rC- Str+8}
  1163 | D:2      | Found a faded altar of an unknown god.
  1189 | D:2      | Noticed Natasha
  1200 | D:2      | Killed Natasha
  1201 | D:2      | Reached skill level 1 in Dodging
  1201 | D:2      | Reached XP level 4. HP: 19/28 MP: 4/4
  1293 | D:1      | Acquired a manual of Armour
  1294 | D:1      | Acquired the +0 helmet "Jiryan" {rF+ Will+ Str-5 Int+2}
  1308 | D:2      | Noticed Natasha
  1315 | D:2      | Killed Natasha
  1316 | D:2      | Reached skill level 1 in Stealth
  1815 | D:2      | Reached XP level 5. HP: 32/32 MP: 5/5
  1860 | D:2      | Noticed Natasha
  1913 | D:2      | Killed Natasha
  1915 | D:2      | Reached skill level 4 in Armour
  2320 | D:3      | Found a glowing golden altar of the Shining One.
  2589 | D:3      | Found a transporter.
  2591 | D:3      | Noticed spaghetti's ghost (weakling DsBe)
  2671 | D:3      | Identified the +1 whip of Eternal Harmony {flame, rElec
                  | Int+2}
  2727 | D:3      | Found a transporter.
  3225 | D:4      | Found a hazy altar of Hepliaklqana.
  3242 | D:4      | Reached skill level 1 in Evocations
  3451 | D:4      | Reached XP level 6. HP: 38/38 MP: 6/6
  3783 | D:4      | Acquired 537 gold pieces
  3787 | D:5      | Entered Level 5 of the Dungeon
  3827 | D:5      | Found a shimmering blue altar of Sif Muna.
  3843 | D:5      | Noticed an ice beast
  3852 | D:5      | Killed an ice beast
  3853 | D:5      | Reached XP level 7. HP: 43/43 MP: 7/7
  3922 | D:5      | Reached skill level 5 in Armour
  3978 | D:5      | Reached skill level 6 in Armour
  4040 | D:5      | Reached skill level 5 in Long Blades
  4048 | D:5      | Slain by an ogre

Illustrated notes

Levels and vault maps discovered:
D:1:      wander_arrival_fairy_ring, layout_basic, chequers_serial_rivers_room_a
D:2:      layout_loops_ring, shapermc_ecumenical_altar_venn, uniq_natasha
D:3:      layout_loops_ring, mainiacjoe_overflow_chevrons,
          gammafunk_ghost_arena, hangedman_glass_teeth
D:4:      layout_basic, nicolae_hepliaklqana_monster_ancestors,
          due_unseen_surprise
D:5:      layout_basic, lemuel_doored_altar, overflow_temple_1_default,
          amethyst_overflow_temple_binary, minmay_manual_mess, uniq_ijyb,
          uniq_edmund, uniq_sigmund, uniq_menkaure

Skill      XL: |  1  2  3  4  5  6  7 |
---------------+----------------------+-----
Long Blades    | 2 3 4 5 |  5.0
Shields        | 4 |  4.0
Dodging        | 1 2 |  2.0
Stealth        | 1 |  1.2
Armour         | 4 6 |  6.5
Fighting       | 4 |  4.4
Evocations     | 1 3 |  3.0

Action                   |  1- 3 |  4- 6 |  7- 9 || total
-------------------------+-------+-------+-------++-------
Melee: Long sword        |    93 |   188 |    51 ||   332
Throw: Dart              |       |       |     3 ||     3
Evoke: Wand              |       |     4 |       ||     4
  Use: Scroll            |     2 |     9 |       ||    11
Armor: Scale mail        |    37 |    26 |       ||    63
       Chain mail        |       |    58 |       ||    58
       Plate armour      |       |    48 |    46 ||    94
Dodge: Dodged            |    38 |    96 |    27 ||   161
Block: Buckler           |    24 |    39 |    12 ||    75
